 Dungeon Crawl Stone Soup version 0.29-a0-383-g8b6f518c11 (webtiles) character file.

Game seed: 8934277836223125799

815 Bruhh the Magician (level 8, -2/66 HPs)
             Began as a Djinni Transmuter on May 6, 2022.
             Slain by a gnoll
             ... wielding a +0 whip
             ... led by a gnoll shaman
              (4 damage)
             ... on level 5 of the Dungeon.
             The game lasted 00:13:26 (8880 turns).

Bruhh the Magician (Djinni Transmuter)              Turns: 8880, Time: 00:13:26

Health: -2/66      AC:  7    Str:  9    XL:     8   Next: 16%
Gold:   194        EV: 10    Int: 16    God:
                   SH:  0    Dex: 15

rFire   x . .      SeeInvis .     - Unarmed
rCold   + + +      Faith    .   (shield currently unavailable)
rNeg    . . .      Spirit   .   (body armour currently unavailable)
rPois   ∞          Reflect  .   (helmet currently unavailable)
rElec   .          Harm     .   (cloak currently unavailable)
rCorr   .          Rampage  .   (gloves currently unavailable)
Will    .....                   (boots unavailable)
Stlth   +.........              (no amulet)
HPRegen 0.21/turn               (no ring)
MPRegen 0.00/turn               (no ring)

@: ice-form, flying
A: freezing attack, flying, boosted hp, sickness immunity, large, (fire
resistance 2), (cold vulnerability 1), float, innate caster, HP casting, extra
vitality 1
a: End Transformation


You were on level 5 of the Dungeon.
You were a creature of crystalline ice.
You visited 1 branch of the dungeon, and saw 5 of its levels.

You collected 194 gold pieces.

Inventory:

Missiles
 f - 10 poisoned darts
Armour
 a - a +0 robe (melded)
Wands
 t - a wand of digging (6)
Scrolls
 c - a scroll of enchant weapon {unknown}
 e - 5 scrolls of identify {unknown}
 g - a scroll of summoning {unknown}
 h - a scroll of poison {unknown}
 j - a scroll of vulnerability {unknown}
 l - 2 scrolls of fog {unknown}
 p - 2 scrolls of torment {unknown}
 s - a scroll of brand weapon {unknown}
 v - a scroll of fear {unknown}
 w - a scroll of magic mapping {unknown}
Potions
 b - a potion of lignification
 d - a potion of flight
 i - a potion of invisibility {unknown}
 k - 3 potions of haste
 n - a potion of degeneration {unknown}
 o - 2 potions of might {unknown}
 q - a potion of mutation {unknown}
 r - 2 potions of magic {unknown}
 u - 2 potions of cancellation {unknown}


   Skills:
 + Level 2.9 Fighting
 - Level 2.1 Dodging
 + Level 4.1 Unarmed Combat
 - Level 6.0 Spellcasting


You had 4 spell levels left.
You knew the following spells:

 Your Spells              Type           Power      Damage    Failure   Level
a - Beastly Appendage     Tmut           48%        N/A       1%          1
b - Wereblood             Tmut           24%        N/A       1%          2
c - Spider Form           Tmut/Pois      24%        N/A       3%          3
d - Ice Form              Ice/Tmut       24%        N/A       12%         4
e - Animate Skeleton      Necr           48%        N/A       1%          1
f - Blink                 Tloc           48%        N/A       1%          2
g - Passwall              Tmut/Erth      20%        N/A       1%          2
Your spell library was empty.

Dungeon Overview and Level Annotations

Branches:
Dungeon (5/15)
 Temple: D:4-7

Altars:
Fedhas

Annotations:
D:4 2 transporters, Sickboy's ghost, weakling MiFi


Innate Abilities, Weirdness & Mutations

You are a creature of crystalline ice.
You have a powerful freezing melee attack.
You are flying.
Your maximum health is increased.
Your armour is entirely melded.
You are incapable of wielding weapons or throwing items.
You are immune to sickness and miasma.
You are immune to poison.
((Your flesh is very heat resistant. (rF++)))
((You are vulnerable to cold. (rC-)))
You float through the air rather than walking.
You learn spells naturally, not from books.
Your magical power is your life essence.
You have superior vitality. (+4 MHP)


Message History

You hit the gnoll shaman but do no damage.
The gnoll shaman is lightly wounded.
The gnoll barely misses you. The gnoll shaman closely misses you.
The gnoll closely misses you.
You hit the gnoll shaman. You freeze the gnoll shaman.
The gnoll shaman is heavily wounded.
The gnoll shaman closely misses you. The gnoll hits you with a +0 whip.
The gnoll barely misses you.
You barely miss the gnoll shaman.
The gnoll shaman is heavily wounded.
The gnoll hits you with a +0 whip.
The gnoll shaman hits you with a +0 club!
The gnoll hits you from afar with a +0 spear.
Items here: )) ††.
The gnoll shaman calls upon its god to speed up the gnoll.
The gnoll seems to speed up.
The gnoll attacks as you move away! The gnoll hits you with a +0 whip.
The gnoll hits you but does no damage. The gnoll attacks as you move away!
The gnoll hits you with a +0 whip. The gnoll attacks as you move away!
The gnoll hits you with a +0 whip.
* * * LOW HITPOINT WARNING * * *
The gnoll attacks as you move away! The gnoll closely misses you.
The gnoll enters a dispersal trap!
The gnoll blinks! x2
The gnoll shaman blinks!
You blink.
Found an escape hatch in the floor.
The gnoll blinks!
The gnoll hits you from afar with a +0 spear.
* * * LOW HITPOINT WARNING * * *
You see here a +0 robe.
The gnoll hits you from afar with a +0 spear.
* * * LOW HITPOINT WARNING * * *
Okay, then.
Casting: Ice Form (dangerous; 12% risk of failure)
Confirm with . or Enter, or press ? or * to list all spells.
You blink.
* * * LOW HITPOINT WARNING * * *
The gnoll hits you from afar with a +0 spear.
* * * LOW HITPOINT WARNING * * *
You feel stable enough to blink again. The gnoll hits you with a +0 whip.
You die...

#................#
######................#
.......[..)...........#
.#####...<............#
###................#
#..................#
.....#..g....##########
>..#####.g.......# ..
#Y........#
...#####^........#
.................#
..#####.#........# #.
#g#........# #.
###.########## #.#
#...##### ##
#..##.....(.#
...###.#g.......#


You could see a gnoll shaman and 2 gnolls.

Vanquished Creatures
  An ogre (D:5)
  An orc warrior (D:4)
  A phantom (D:4)
  A necrophage (D:4)
  2 jellies (D:4)
  A hound (D:5)
  Ijyb (D:4)
  An iguana (D:4)
  Natasha (twice) (D:3)
  An orc wizard (D:4)
  6 gnolls
  9 adders
  A shadow imp (D:5)
  An ufetubus (D:4)
  4 worms
  7 dart slugs
  11 orcs
  7 ball pythons
  6 endoplasms
  A giant cockroach (D:4)
  13 goblins
  8 hobgoblins
  4 jackals (D:1)
  2 quokkas
  6 bats
  5 frilled lizards
  5 kobolds
  9 rats
117 creatures vanquished.

Notes
Turn   | Place    | Note
-------+----------+-------------------------------------------
     0 | D:1      | Bruhh the Djinni Transmuter began the quest for the Orb.
     0 | D:1      | Reached XP level 1. HP: 17/17 MP: 0/0
   224 | D:1      | Found a faded altar of an unknown god.
   624 | D:1      | Reached skill level 2 in Spellcasting
   624 | D:1      | Reached XP level 2. HP: 20/22 MP: 0/0
  1177 | D:1      | Reached XP level 3. HP: 21/27 MP: 0/0
  1177 | D:1      | Learned a level 1 spell: Animate Skeleton
  2135 | D:2      | Reached skill level 3 in Spellcasting
  2185 | D:2      | Reached XP level 4. HP: 14/32 MP: 0/0
  2203 | D:2      | HP: 1/32 [adder (2)]
  3616 | D:2      | Reached XP level 5. HP: 31/37 MP: 0/0
  3616 | D:2      | Learned a level 2 spell: Blink
  4047 | D:2      | Reached skill level 4 in Spellcasting
  5363 | D:3      | Noticed Natasha
  5372 | D:3      | Killed Natasha
  5373 | D:3      | Reached XP level 6. HP: 29/42 MP: 0/0
  5580 | D:3      | Noticed Natasha
  5590 | D:3      | Killed Natasha
  6296 | D:4      | Found a transporter.
  6297 | D:4      | Noticed Sickboy's ghost (weakling MiFi)
  6444 | D:4      | Found a transporter.
  6513 | D:4      | Noticed Ijyb
  6524 | D:4      | Killed Ijyb
  6525 | D:4      | Reached skill level 5 in Spellcasting
  6915 | D:4      | Noticed an orc warrior
  7333 | D:4      | Reached XP level 7. HP: 47/47 MP: 0/0
  7333 | D:4      | Learned a level 2 spell: Passwall
  8039 | D:4      | Found a blossoming altar of Fedhas.
  8151 | D:4      | Reached skill level 6 in Spellcasting
  8346 | D:5      | Entered Level 5 of the Dungeon
  8678 | D:5      | Reached XP level 8. HP: 47/55 MP: 0/0
  8878 | D:5      | HP: 1/66 [gnoll/+0 spear[a gnoll shaman] (5)]
  8880 | D:5      | Slain by a gnoll

Illustrated notes

Levels and vault maps discovered:
D:1:      lightli_arrival_flooded_house, layout_loops_ring,
          shapermc_ecumenical_altar_mp_highgroup, minmay_misc_feat_roman
D:2:      layout_basic, minmay_pentomino_x4
D:3:      layout_rooms, minmay_goblin_outpost, uniq_natasha
D:4:      layout_loops_ring, old_standard_altar, gammafunk_ghost_arena,
          kennysheep_dice, uniq_ijyb
D:5:      layout_rooms, elyvilon_altar_1

Skill      XL: |  1  2  3  4  5  6  7  8 |
---------------+-------------------------+-----
Spellcasting   | 2 3 4 5 6 |  6.0
Fighting       | 2 |  2.9
Unarmed Combat | 4 |  4.1
Dodging        | |  2.1

Action                   |  1- 3 |  4- 6 |  7- 9 || total
-------------------------+-------+-------+-------++-------
Melee: Unarmed           |   113 |   227 |    99 ||   439
       Headbutt          |    15 |     7 |     3 ||    25
       Punch             |     2 |     1 |     1 ||     4
 Cast: Beastly Appendage |    18 |    18 |     7 ||    43
       Wereblood         |     1 |     2 |       ||     3
       Spider Form       |     1 |    22 |     3 ||    26
       Ice Form          |       |     2 |     4 ||     6
       Blink             |       |     1 |     4 ||     5
  Use: Potion            |       |     3 |     3 ||     6
 Stab: Sleeping          |       |     1 |       ||     1
Armor: Robe              |    15 |    20 |     3 ||    38
       Skin              |     1 |    14 |    31 ||    46
Dodge: Dodged            |    69 |   180 |    84 ||   333

Table legend: (Time is in decaauts)
 A = Elapsed time spent in this place.
 B = Non-inter-level travel time spent in this place.
 C = Inter-level travel time spent in this place.
 D = Time resting spent in this place.
 E = Time spent auto-exploring this place.
 F = Levels seen in this place.
 G = Mean time per level.
                   A        B        C        D        E       F      G
               +--------+--------+--------+--------+--------+-----+--------+
         Total |   8861 |   8628 |    233 |   1507 |   5890 |   5 | 1772.2 |
       Dungeon |   8861 |   8628 |    233 |   1507 |   5890 |   5 | 1772.2 |
               +--------+--------+--------+--------+--------+-----+--------+

Top non-repeatable levels by time:
     D:1: 2866 daAuts
     D:4: 2248 daAuts
     D:3: 1905 daAuts
     D:2: 1628 daAuts
     D:5: 211 daAuts
